 Dungeon Crawl Stone Soup version 0.23-a0-402-g64599a1 (webtiles) character file.

97619 MisterFreud the Thaumaturge (level 16, -3/140 HPs)
             Began as a Naga Fire Elementalist on Nov 4, 2018.
             Was an Elder of Cheibriados.
             Shot with a bolt by an orc knight (23 damage)
             ... on level 2 of the Orcish Mines.
             The game lasted 02:28:43 (24805 turns).

MisterFreud the Thaumaturge (NaFE)                 Turns: 24805, Time: 02:28:44

Health: -3/140     AC: 13    Str: 20    XL:     16   Next: 20%
Magic:  7/32       EV: 18    Int: 32    God:    Cheibriados [****..]
Gold:   2050       SH: 12    Dex: 23    Spells: 26/39 levels left

rFire    . . .     SeeInvis +   d - +1 dagger (venom)
rCold    . . .     Gourm    .   B - +0 shield
rNeg     + . .     Faith    +   u - +0 robe {rN+}
rPois    +         Spirit   .   v - +0 helmet
rElec    .         Reflect  .   j - +0 cloak
rCorr    .         Harm     .   r - +1 pair of gloves
MR       +++..                  (no barding)
Stlth    +++++.....             h - amulet of faith
HPRegen  0.33/turn              q - +3 ring of protection
MPRegen  0.23/turn              X - ring of protection from magic

@: about to teleport, very slow
A: large, see invisible, deformed body, poison resistance, slowness 2, slow
metabolism 1, spit poison 1, constrict 1, AC +5
a: Spit Poison, Bend Time, Temporal Distortion, Slouch, Renounce Religion


You were on level 2 of the Orcish Mines.
You worshipped Cheibriados.
Cheibriados was greatly pleased with you.
You were hungry.

You visited 4 branches of the dungeon, and saw 24 of its levels.

You collected 2050 gold pieces.

Inventory:

Hand Weapons
 d - a +1 dagger of venom (weapon)
 w - a +0 vampiric trident
 F - a +0 hand crossbow of freezing
Missiles
 e - 678 stones (quivered)
 f - 126 sling bullets
 k - 555 arrows
 y - 147 bolts
 N - 6 throwing nets
Armour
 j - a +0 cloak (worn)
 r - a +1 pair of gloves (worn)
 u - a +0 robe of positive energy (worn)
 v - a +0 helmet (worn)
 B - a +0 shield (worn)
 G - a scarf of resistance
Jewellery
 b - an uncursed amulet of regeneration
 h - an amulet of faith (around neck)
 q - a +3 ring of protection (left hand)
 I - an uncursed ring of protection from fire
 Q - an uncursed amulet of magic regeneration {unknown}
 T - an uncursed ring of resist corrosion
 X - a ring of protection from magic (right hand)
Wands
 p - a wand of digging (3)
 C - a wand of clouds (4)
 E - a wand of disintegration (5)
 L - a wand of flame (16)
 O - a wand of paralysis (7)
Scrolls
 m - 2 scrolls of magic mapping
 o - 3 scrolls of enchant armour
 z - 5 scrolls of fog
 J - 6 scrolls of remove curse
 K - 4 scrolls of amnesia
 M - a scroll of identify
 P - a scroll of silence
 U - 3 scrolls of enchant weapon
 V - a scroll of fear
Potions
 i - 2 potions of resistance
 l - a potion of cancellation
 n - a potion of might
 s - 3 potions of mutation
 t - 2 potions of agility
 x - 2 potions of invisibility
 D - 6 potions of curing
 S - a potion of brilliance
 Y - a potion of flight
Miscellaneous
 R - a box of beasts
 W - a phial of floods
Comestibles
 c - 26 rations
 A - 3 chunks of flesh


   Skills:
 - Level 8.0 Fighting
 - Level 10.0 Dodging
 - Level 12.0 Stealth
 - Level 9.0 Shields
 + Level 12.1 Spellcasting
 - Level 10.0 Conjurations
 - Level 10.0 Fire Magic
 - Level 10.0 Invocations
 - Level 6.0 Evocations


You had 26 spell levels left.
You knew the following spells:

 Your Spells              Type           Power        Failure   Level  Hunger
a - Flame Tongue          Conj/Fire      #####        1%          1    None
b - Conjure Flame         Conj/Fire      ######..     1%          3    None
c - Sticky Flame          Conj/Fire      ######..     1%          4    None
d - Fireball              Conj/Fire      ######....   1%          5    #......

Your spell library contained the following spells:

 Spells                   Type           Power        Failure   Level  Hunger
 Shock                    Conj/Air       ####         1%          1    None
 Throw Flame              Conj/Fire      ######       1%          2    None
 Inner Flame              Hex/Fire       ######..     1%          3    None
 Static Discharge         Conj/Air       ######..     1%          3    None
 Swiftness                Chrm/Air       ###.....     3%          2    None
 Lightning Bolt           Conj/Air       ######....   9%          5    #......
 Airstrike                Air            ###.......   24%         4    None
 Ice Form                 Ice/Tmut       ###.....     24%         4    None
 Bolt of Cold             Conj/Ice       ######....   43%         6    ####...
 Metabolic Englaciation   Hex/Ice        ###.......   56%         5    #......
 Freezing Cloud           Conj/Ice/Air   #####.....   67%         6    ####...
 Ozocubu's Refrigeration  Ice            ###.......   98%         6    ####...
 Simulacrum               Ice/Necr       ###.......   98%         6    ####...


Dungeon Overview and Level Annotations

Branches:
Dungeon (15/15)            Temple (1/1) D:5            Lair (6/6) D:10
 Spider (0/4) Lair:4        Slime (0/5) Lair:5          Orc (2/2) D:12
    Elf (0/3) Orc:2        Vaults (0/5) D:13         Depths (0/5) D:15
  Swamp: Lair:2-4    Shoals: Lair:2-4

Altars:
Ashenzari
Cheibriados
Dithmenos
Elyvilon
Fedhas
Gozag
Hepliaklqana
Kikubaaqudgha
Makhleb
Nemelex Xobeh
Okawaru
Qazlal
Ru
Sif Muna
Trog
Uskayaw
Vehumet
Wu Jian
Xom
Yredelemnul
Zin
The Shining One
Beogh

Shops:
D:12 }   D:13 }   Orc:2 %}}!

Annotations:
D:5 3 runed doors, MisterFreud's ghost, novice NaFE
D:12 1 runed door, Nico3ck's ghost, journeyman GrWz
D:15 1 runed door, exclusion: orange crystal statue
Lair:2 exclusion: 3 oklob plants
Lair:4 Rupert


Innate Abilities, Weirdness & Mutations

You cannot wear boots.
Your serpentine skin is tough. (AC +5)
You have supernaturally acute eyesight. (SInv)
Armour fits poorly on your strangely shaped body.
Your system is resistant to poisons. (rPois)
You cover ground very slowly.
You have a slow metabolism.
You can spit poison.
You can use your snake-like lower body to constrict enemies.


Message History

Okay, then.
Unknown command.
Unknown command.
Unknown command.
Unknown command.
As you read the scroll of fear, it crumbles to dust.
You assume a fearsome visage.
The orc knight resists with some effort.
The orc knight unwields a +0 arbalest.
The orc knight wields a +0 great sword.
You block the orc knight's attack.
Okay, then.
Unknown command.
Okay, then.
Unknown command.
As you read the scroll of teleportation, it crumbles to dust.
You feel strangely unstable. The orc knight misses you.
The orc knight unwields a +0 great sword.
The orc knight wields a +0 arbalest.
The orc knight shoots a bolt.
The bolt hits you!!
You die...

#.#.))).#
#.###'#######
#.....#.....#
#####.#..)).#
#∩))#.'.)⌠).# ..
#...'.#....)# ..
..
#.).#.#.....#...
#
#####.###'###...
#
#.)(#@#..........
#.
#..o'.#..........
..
#∩..#.##.........
##
#####+##.......##
.#
##.......##....#
#.........#.....
#...............
#.#........#....
###.............


You could see an orc knight.

Vanquished Creatures
  Gastronok (Lair:3)
  Agnes (D:14)
  Kirke (Lair:5)
  An orc warlord (Orc:2)
  2 entropy weavers (Lair:4)
  Harold (D:9)
  6 hydras
  A catoblepas (D:15)
  4 centaur warriors
  9 two-headed ogres
  4 tengu warriors
  5 orc high priests (Orc:2)
  A queen ant (Lair:4)
  Nergalle (Lair:3)
  4 unseen horrors
  An unseen horror (shapeshifter) (D:15)
  A lindwurm (D:13)
  6 orc knights
  A wolf spider zombie (D:15)
  2 deep elf magi
  3 ugly things
  6 orc sorcerers
  3 manticores
  A manticore (shapeshifter) (D:15)
  9 cyclopes
  9 elephants
  4 gargoyles
  6 black mambas
  3 spiny frogs
  A torpor snail (Lair:5)
  2 kobold demonologists (D:12)
  4 komodo dragons
  2 rime drakes
  A freezing wraith (D:15)
  A tengu conjurer (D:14)
  3 meliai (D:15)
  A jumping spider (shapeshifter) (D:15)
  14 trolls
  4 hornets
  A jumping spider (Lair:4)
  A harpy skeleton (D:12)
  Prince Ribbit (D:9)
  13 slime creatures
  2 meliai zombies
  9 blink frogs
  A hippogriff (shapeshifter) (D:15)
  3 dream sheep
  10 hippogriffs
  3 vampires
  Sigmund (D:6)
  2 shadows
  A water elemental (D:13)
  36 yaks
  5 wyverns
  5 wraiths
  2 basilisks
  Grum (D:9)
  3 fire bats (Lair:1)
  5 hungry ghosts
  6 vampire mosquitoes
  12 soldier ants
  An acid dragon (D:12)
  13 water moccasins
  6 porcupines
  4 black bears
  39 orc warriors
  A hornet zombie (D:11)
  7 phantoms
  3 necrophages
  7 sky beasts
  3 ice beasts
  14 ogres
  4 boggarts (D:15)
  10 wolves
  12 centaurs
  8 crocodiles
  Blork the orc (D:6)
  22 bullfrogs
  7 big kobolds
  10 scorpions
  A scorpion (shapeshifter) (D:15)
  13 killer bees
  4 wights (D:12)
  3 electric eels
  9 howler monkeys
  A bullfrog zombie (D:13)
  8 crimson imps
  A bullfrog skeleton (D:12)
  3 centaur zombies
  11 hounds
  32 orc priests
  6 centaur skeletons
  14 jellies
  Jessica (D:2)
  Natasha (D:2)
  5 iguanas
  22 orc wizards
  22 worker ants
  3 worker ant zombies
  Robin (D:3)
  11 adders
  2 gnolls (D:2)
  2 shadow imps
  10 oozes
  An adder skeleton (D:9)
  2 adder zombies
  5 worms
  A dart slug (D:1)
  6 leopard geckos
  102 orcs
  7 bats
  3 giant cockroaches
  15 goblins
  2 hobgoblins (D:3)
  11 jackals
  26 kobolds
  8 quokkas
  2 ball pythons
  4 frilled lizards
  A giant cockroach zombie (D:5)
  A leopard gecko skeleton (D:7)
  3 rats
811 creatures vanquished.

Vanquished Creatures (others)
  3 humans (Lair:5)
  A bush (Lair:5)
  22 fungi
  7 plants
  9 toadstools (D:3)
42 creatures vanquished.

Grand Total: 853 creatures vanquished

Notes
Turn   | Place    | Note
-------+----------+-------------------------------------------
     0 | D:1      | MisterFreud the Naga Fire Elementalist began the quest for
                  | the Orb.
     0 | D:1      | Reached XP level 1. HP: 15/15 MP: 3/3
   236 | D:1      | Reached XP level 2. HP: 14/22 MP: 3/5
   639 | D:1      | Reached skill level 5 in Stealth
   906 | D:2      | Reached XP level 3. HP: 15/28 MP: 1/6
  1054 | D:2      | Learned a level 3 spell: Conjure Flame
  1323 | D:2      | Noticed Natasha
  1334 | D:2      | Killed Natasha
  1334 | D:2      | Reached XP level 4. HP: 30/36 MP: 5/7
  1430 | D:2      | Noticed Jessica
  1433 | D:2      | Killed Jessica
  1585 | D:2      | Reached XP level 5. HP: 7/42 MP: 1/8
  2179 | D:3      | Noticed Robin
  2226 | D:3      | Killed Robin
  2226 | D:3      | Reached XP level 6. HP: 24/49 MP: 5/9
  2409 | D:3      | Learned a level 4 spell: Sticky Flame
  2617 | D:3      | Noticed a phantom
  2635 | D:3      | Killed a phantom
  2635 | D:3      | Reached skill level 5 in Conjurations
  2635 | D:3      | Reached skill level 5 in Fire Magic
  2635 | D:3      | Reached XP level 7. HP: 53/55 MP: 0/10
  2969 | D:3      | Found a bloodstained altar of Trog.
  3226 | D:4      | Found a sparkling altar of Nemelex Xobeh.
  3835 | D:5      | Entered Level 5 of the Dungeon
  3850 | D:5      | Learned a level 5 spell: Fireball
  3865 | D:5      | Found a runed gate.
  3878 | D:5      | Found a runed gate.
  3878 | D:5      | Found a runed gate.
  3878 | D:5      | Noticed MisterFreud's ghost (novice NaFE)
  3977 | D:5      | Reached XP level 8. HP: 48/62 MP: 6/14
  4582 | D:5      | Reached skill level 5 in Spellcasting
  4660 | D:5      | Found a staircase to the Ecumenical Temple.
  4665 | Temple   | Entered the Ecumenical Temple
  4899 | D:6      | Found a snail-covered altar of Cheibriados.
  4904 | D:6      | Became a worshipper of Cheibriados the Contemplative
  5344 | D:7      | Reached XP level 9. HP: 68/68 MP: 16/16
  5430 | D:7      | Reached * piety under Cheibriados
  5512 | D:6      | Noticed Sigmund
  5513 | D:6      | Killed Sigmund
  5541 | D:6      | Noticed Blork the orc
  5550 | D:6      | Killed Blork the orc
  5672 | D:7      | Noticed a green ugly thing
  5684 | D:7      | Killed a green ugly thing
  5684 | D:7      | Noticed a two-headed ogre
  5783 | D:7      | Noticed a gargoyle
  5798 | D:7      | Identified the +10 scimitar "Onoraamn" {antimagic, +Rage
                  | rPois rF+++ Dex-3}
  5999 | D:7      | Reached ** piety under Cheibriados
  6205 | D:7      | Got a faintly humming leather armour
  6206 | D:7      | Identified the cursed +0 leather armour of the Blessed
                  | Realm {rN++ Regen+ Str-5 Stlth+} (You found it on level 7
                  | of the Dungeon)
  6393 | D:8      | Found a shimmering altar of Xom.
  6397 | D:8      | Found a shadowy altar of Dithmenos.
  6400 | D:8      | Found a hazy altar of Hepliaklqana.
  6445 | D:8      | Reached XP level 10. HP: 66/75 MP: 17/19
  6553 | D:8      | Reached skill level 10 in Stealth
  6555 | D:8      | Reached skill level 1 in Shields
  6679 | D:8      | Reached *** piety under Cheibriados
  6685 | D:8      | Found an ornate altar of the Wu Jian Council.
  6822 | D:8      | Noticed a two-headed ogre
  6832 | D:8      | Killed a two-headed ogre
  7033 | D:9      | Noticed a two-headed ogre
  7223 | D:9      | Noticed Grum
  7233 | D:9      | Killed Grum
  7233 | D:9      | Reached skill level 1 in Evocations
  7237 | D:9      | Reached skill level 1 in Invocations
  7620 | D:9      | Noticed Prince Ribbit
  7627 | D:9      | Killed Prince Ribbit
  7644 | D:9      | Noticed Harold
  7650 | D:9      | Killed Harold
  7650 | D:9      | Reached XP level 11. HP: 53/81 MP: 15/20
  7669 | D:9      | Killed a two-headed ogre
  7669 | D:9      | Reached skill level 5 in Evocations
  7758 | D:9      | Reached **** piety under Cheibriados
  7768 | D:9      | Found a radiant altar of Vehumet.
  8016 | D:10     | Entered Level 10 of the Dungeon
  8026 | D:10     | Reached skill level 5 in Invocations
  8582 | D:10     | Found a shimmering altar of Xom.
  9038 | D:11     | Noticed a seven-headed hydra
  9043 | D:11     | Reached ***** piety under Cheibriados
  9043 | D:11     | Reached skill level 5 in Shields
  9054 | D:11     | Killed a seven-headed hydra
  9054 | D:11     | Reached XP level 12. HP: 48/88 MP: 2/21
  9601 | D:11     | Noticed an eight-headed hydra
  9607 | D:11     | Killed an eight-headed hydra
 10612 | D:10     | Found a staircase to the Lair.
 10624 | Lair:1   | Entered Level 1 of the Lair of Beasts
 11803 | Lair:2   | Noticed a six-headed hydra
 11811 | Lair:2   | Killed a six-headed hydra
 12034 | Lair:2   | Reached skill level 5 in Dodging
 12438 | Lair:2   | Gained mutation: You can use your snake-like lower body to
                  | constrict enemies. [Naga growth]
 12438 | Lair:2   | Reached XP level 13. HP: 94/94 MP: 16/22
 12524 | Lair:3   | Noticed Nergalle
 12595 | Lair:3   | Noticed Gastronok
 12648 | Lair:3   | Killed Gastronok
 12810 | Lair:3   | Killed Nergalle
 13284 | Lair:4   | Reached ****** piety under Cheibriados
 13285 | Lair:4   | Noticed an entropy weaver
 13288 | Lair:4   | Noticed an entropy weaver
 13293 | Lair:4   | Noticed Rupert
 13299 | Lair:4   | Killed an entropy weaver
 13317 | Lair:5   | Found a runed door.
 13320 | Lair:5   | HP: 3/94 [torpor snail (11)]
 13883 | Lair:5   | Found a staircase to the Slime Pits.
 14117 | Lair:4   | Killed an entropy weaver
 14248 | Lair:4   | Found a hole to the Spider Nest.
 14569 | Lair:4   | Reached skill level 10 in Conjurations
 14569 | Lair:4   | Reached skill level 10 in Fire Magic
 14569 | Lair:4   | Reached XP level 14. HP: 45/102 MP: 8/23
 15399 | Lair:5   | Noticed Kirke
 15408 | Lair:5   | Killed Kirke
 16146 | Lair:6   | Entered Level 6 of the Lair of Beasts
 16169 | Lair:6   | Reached skill level 1 in Fighting
 16762 | D:12     | Found Vonkiu's Gadget Shop.
 16826 | D:12     | Reached skill level 5 in Fighting
 16918 | D:12     | Found a staircase to the Orcish Mines.
 17621 | D:12     | Found a runed door.
 17621 | D:12     | Noticed Nico3ck's ghost (journeyman GrWz)
 18940 | D:13     | Found Owownirap's Gadget Emporium.
 19369 | D:13     | Reached skill level 10 in Invocations
 19610 | D:13     | Reached XP level 15. HP: 132/132 MP: 27/27
 19650 | D:13     | Found a gate to the Vaults.
 21069 | D:14     | Noticed Agnes
 21077 | D:14     | Killed Agnes
 21077 | D:14     | Reached skill level 10 in Dodging
 21392 | D:15     | Entered Level 15 of the Dungeon
 21781 | D:15     | Found a shattered altar of Ashenzari.
 22249 | D:15     | Found a runed door.
 22579 | D:15     | Found a staircase to the Depths.
 22772 | Orc:1    | Entered Level 1 of the Orcish Mines
 22952 | Orc:1    | Reached skill level 10 in Spellcasting
 23137 | Orc:1    | Found a roughly hewn altar of Beogh.
 23463 | Orc:2    | Entered Level 2 of the Orcish Mines
 24179 | Orc:2    | Found a staircase to the Elven Halls.
 24263 | Orc:2    | Found Pomuon's Distillery.
 24325 | Orc:2    | Noticed an orc warlord
 24341 | Orc:2    | Killed an orc warlord
 24341 | Orc:2    | Reached XP level 16. HP: 123/140 MP: 17/31
 24359 | Orc:2    | Found a roughly hewn altar of Beogh.
 24508 | Orc:2    | Found Kian's Gadget Shop.
 24653 | Orc:2    | Found a roughly hewn altar of Beogh.
 24761 | Orc:2    | Found Houvosch's Food Emporium.
 24783 | Orc:2    | Found Emyufat's Gadget Shoppe.
 24790 | Orc:2    | HP: 6/140 [orc knight/+0 great sword (42)]
 24805 | Orc:2    | Shot with a bolt by an orc knight

Vault maps used:
D:1:      lightli_arrival_lavapool, hangedman_decor_clover_reticule
D:2:      first_ration, uniq_natasha, uniq_jessica
D:3:      cheibrodos_fertilizer, lightli_temple_of_fire,
          grunt_decor_mini_mirrors, minmay_misc_feat_nine_boxes, uniq_robin
D:4:      nemelex_xobeh_ov_fountains_minmay
D:5:      temple_fountains, gammafunk_ghost_nasty_kobolds,
          grunt_decor_arrowhead, small_statue_intersection,
          chequers_serial_rivers_micro_c
D:6:      lemuel_doored_altar, hangedman_decor_growths, uniq_blork_the_orc,
          uniq_sigmund
D:7:      minmay_the_grid_square_5x5_3x3
D:8:      kennysheep_mini, grunt_temple_overflow_diamond
D:9:      minmay_cornered_nines, vehumet_crystals, uniq_grum, uniq_harold,
          uniq_prince_ribbit1
D:10:     grunt_lair_entry_orc_guard_hut, serial_glass, glass_columns_a,
          glass_columns_c, basic_altar
D:11:     lab_entry_generic
D:12:     orc_0_dummy, serial_shops, kennysheep_little_box,
          hellmonk_ghost_happy_afterlife, grunt_ogre_cave
D:13:     lemuel_troll_bridge, david_vaults_4, serial_shops, shop,
          nrook_mini_vaults, nrook_pool_corridor
D:14:     hangedman_decor_push, uniq_agnes
D:15:     grunt_enter_depths_hoard, evilmike_ruin_ashenzari, minmay_crystal_box
Temple:   eino_wide_crystal_templ
Lair:1:   nicolae_volcano_entry_batcave, hangedman_lair_generics_rect
Lair:2:   elwin_shoals_entry_rooms, minivault_23, serial_bayou_pond_c,
          chequers_serial_rivers_marsh, grunt_megastairs_4,
          infiniplex_staircase_pool, lemuel_fruit_fields,
          minmay_lair_oklob_chamber
Lair:3:   uniq_gastronok, uniq_nergalle
Lair:4:   spider_nest_entry_rubble, minmay_another_anthill, grunt_megastairs_1,
          uniq_rupert
Lair:5:   minmay_slime_entry_pillars, pf_torpor_hydra, uniq_kirke
Lair:6:   due_jungle_book, serial_bayou_shore_a
Orc:1:    nicolae_orc_pool_cavern, mines1_david
Orc:2:    pubby_orc_utopia

Skill      XL: |  1  2  3  4  5  6  7  8  9 10 11 12 13 14 15 16 |
---------------+-------------------------------------------------+-----
Stealth        | 4 5 8 9 12 | 12.0
Conjurations   | 2 3 4 5 6 8 10 | 10.0
Fire Magic     | 4 5 6 8 10 | 10.0
Spellcasting   | 4 5 6 8 11 12 | 12.1
Shields        | 2 5 9 |  9.0
Evocations     | 4 6 |  6.0
Invocations    | 3 8 10 | 10.0
Dodging        | 5 8 10 | 10.0
Fighting       | 8 |  8.0

Action                   |  1- 3 |  4- 6 |  7- 9 | 10-12 | 13-15 | 16-18 || total
-------------------------+-------+-------+-------+-------+-------+-------++-------
Melee: Hand axe          |     7 |       |       |       |       |       ||     7
       Dagger            |    23 |   124 |   222 |   382 |   993 |    56 ||  1800
       Constrict         |       |       |       |       |   214 |    22 ||   236
Throw: Stone             |       |       |       |       |     1 |       ||     1
 Cast: Flame Tongue      |    19 |    39 |    89 |   109 |   141 |       ||   397
       Sticky Flame      |       |       |    14 |    71 |   148 |    15 ||   248
       Fireball          |       |       |       |    10 |    27 |       ||    37
       Conjure Flame     |       |       |       |     2 |       |       ||     2
Invok: Slouch            |       |       |       |     5 |    23 |     5 ||    33
       Temporal Distorti |       |       |       |       |     1 |       ||     1
       Step From Time    |       |       |       |       |       |     2 ||     2
 Abil: Spit Poison       |    14 |    22 |    16 |    23 |     8 |       ||    83
Evoke: Wand              |       |       |     1 |    30 |    17 |       ||    48
  Use: Scroll            |       |       |    19 |    13 |    14 |     2 ||    48
       Potion            |       |       |     3 |     4 |     5 |     1 ||    13
 Stab: Sleeping          |     6 |    10 |    23 |    34 |    40 |     7 ||   120
       Distracted        |       |       |     1 |     2 |     5 |       ||     8
       Paralysed         |       |       |       |     7 |     8 |       ||    15
  Eat: Chunk             |     1 |     6 |    10 |    18 |    28 |     2 ||    65
       Ration            |       |       |     1 |     1 |     5 |       ||     7
Armor: Robe              |     6 |    51 |   124 |   224 |   218 |     7 ||   630
       Skin              |       |       |       |    17 |       |       ||    17
Dodge: Dodged            |    25 |    74 |   147 |   243 |   734 |    33 ||  1256
Block: Shield            |       |       |       |    50 |   816 |    33 ||   899

Table legend:
 A = Non-vault XP
 B = Vault XP
 C = Vault XP percentage of total XP
 D = Non-vault monster count
 E = Vault monster count
 F = Vault count percentage of total count
                 A         B        C        D         E       F
            +---------+---------+-------+---------+---------+-------
      Total |   89075 |   50382 |  36.1 |     552 |     259 |  31.9
            +---------+---------+-------+---------+---------+-------
        D:1 |      28 |       0 |   0.0 |      14 |       0 |   0.0
        D:2 |      79 |      73 |  48.0 |      22 |       2 |   8.3
        D:3 |     290 |     225 |  43.7 |      29 |      28 |  49.1
        D:4 |     313 |       0 |   0.0 |      13 |       0 |   0.0
        D:5 |    1086 |       0 |   0.0 |      21 |       0 |   0.0
        D:6 |     258 |     319 |  55.3 |       9 |       2 |  18.2
        D:7 |    1057 |     584 |  35.6 |      20 |      11 |  35.5
        D:8 |    2435 |       0 |   0.0 |      25 |       0 |   0.0
        D:9 |    2661 |    2004 |  43.0 |      27 |       9 |  25.0
       D:10 |    3464 |     344 |   9.0 |      34 |       3 |   8.1
       D:11 |    8184 |      90 |   1.1 |      50 |       1 |   2.0
       D:12 |    9224 |     905 |   8.9 |      47 |       1 |   2.1
       D:13 |    9423 |    4460 |  32.1 |      39 |      15 |  27.8
       D:14 |   13038 |    2035 |  13.5 |      44 |       1 |   2.2
       D:15 |   11110 |       0 |   0.0 |      38 |       0 |   0.0
     Lair:1 |    1982 |    2002 |  50.3 |      11 |      10 |  47.6
     Lair:2 |    3373 |    1572 |  31.8 |      14 |       7 |  33.3
     Lair:3 |    3512 |    2959 |  45.7 |      20 |       2 |   9.1
     Lair:4 |    6385 |    6294 |  49.6 |      19 |      26 |  57.8
     Lair:5 |    3073 |    4074 |  57.0 |      14 |       7 |  33.3
     Lair:6 |    4680 |       0 |   0.0 |      12 |       0 |   0.0
      Orc:1 |    3420 |       0 |   0.0 |      30 |       0 |   0.0
      Orc:2 |       0 |   22442 | 100.0 |       0 |     134 | 100.0
            +---------+---------+-------+---------+---------+-------
